 Dungeon Crawl Stone Soup version 0.29.1-2-gbd0b4ee654 (webtiles) character file.

Game seed: 18271408808839826790

290 gregunderscorem the Insei (level 6, -7/38 HPs)
             Began as an Octopode Transmuter on Nov 18, 2022.
             Shot with an arrow by a centaur (11 damage)
             ... on level 7 of the Dungeon.
             The game lasted 00:07:44 (3599 turns).

gregunderscorem the Insei (Octopode Transmuter)     Turns: 3599, Time: 00:07:45

Health: -7/38      AC:  1    Str: 11    XL:     6   Next: 32%
Magic:  9/9        EV: 16    Int: 16    God:
Gold:   145        SH:  4    Dex: 12    Spells: 3/9 levels left

rFire   . . .      SeeInvis .   b - +3 dagger (drain)
rCold   . . .      Faith    .   j - +0 buckler
rNeg    . . .      Spirit   .   (helmet restricted)
rPois   +          Reflect  .   (no amulet)
rElec   .          Harm     .   f - ring of poison resistance
rCorr   .          Rampage  .   h - +4 ring of evasion
Will    .....                   (no ring)
Stlth   ++........              (no ring)
HPRegen 0.12/turn               (no ring)
MPRegen 0.11/turn               (no ring)
                                (no ring)
                                (no ring)

@: no status effects
A: almost no armour, amphibious, 8 rings, camouflage 1, gelatinous body 1,
(nimble swimmer 1), tentacles
a: no special abilities


You were on level 7 of the Dungeon.
You visited 1 branch of the dungeon, and saw 5 of its levels.

You collected 145 gold pieces.

Inventory:

Hand Weapons
 b - a +3 dagger of draining (weapon)
 i - a +0 short sword of venom
Armour
 j - a +0 buckler (worn)
Jewellery
 c - the amulet of the Priest {Faith rF+ Will+}
   (You found it on level 2 of the Dungeon)

   [amulet of faith]

   It allows you to gain divine favour quickly.
   rF:        It protects you from fire.
   Will:      It increases your willpower.
 f - a ring of poison resistance (left tentacle)
 h - a +4 ring of evasion (right tentacle)
 r - an amulet of reflection
Scrolls
 d - 2 scrolls of amnesia
 e - 2 scrolls of fog
 g - a scroll of enchant weapon {unknown}
 n - a scroll of immolation
 o - a scroll of teleportation
 q - a scroll of identify
Potions
 a - a potion of lignification
 k - a potion of attraction
 l - a potion of mutation {unknown}
 m - a potion of ambrosia {unknown}
 p - a potion of curing
 s - a potion of brilliance
 t - a potion of haste {unknown}


   Skills:
 - Level 1.0 Fighting
 - Level 2.0 Dodging
 + Level 2.5 Shields
 + Level 4.8 Unarmed Combat
 - Level 2.0 Spellcasting
 + Level 4.3 Transmutations


You had 3 spell levels left.
You knew the following spells:

 Your Spells              Type           Power      Damage    Failure   Level
a - Beastly Appendage     Tmut           30%        N/A       4%          1
b - Wereblood             Tmut           15%        N/A       7%          2
c - Spider Form           Tmut/Pois      8%         N/A       34%         3

Your spell library contained the following spells:

 Spells                   Type           Power      Damage    Failure   Level
 Sublimation of Blood     Necr           1%         N/A       38%         2
 Ice Form                 Ice/Tmut       8%         N/A       75%         4
 Dispersal                Tloc           0%         N/A       100%        6
 Summon Hydra             Summ           0%         N/A       100%        7
 Disjunction              Tloc           0%         N/A       100%        8


Dungeon Overview and Level Annotations

Branches:
Dungeon (7/15)
 Temple: D:4-7

Altars:
Makhleb


Innate Abilities, Weirdness & Mutations

You cannot wear most types of armour.
You are amphibious.
You can wear up to eight rings at the same time.
Your skin changes colour to match your surroundings (Stealth+).
Your rubbery body absorbs attacks. (AC +1, EV +1)
((You are camouflaged when in or above water. (Stealth+)))
You have tentacles for arms and can constrict up to eight enemies at once.


Message History

The centaur wields a +0 shortbow.
The centaur shoots an arrow.
The arrow completely misses you.
Sorry, you're not good enough to have a special ability.
Okay, then.
The centaur shoots an arrow.
Keep disrobing?
The arrow closely misses you.
The centaur shoots an arrow.
The arrow hits you!
You start removing your amulet.
You continue taking off the amulet of the Priest {Faith rF+ Will+}.
The centaur shoots an arrow.
The arrow closely misses you.
You continue taking off the amulet of the Priest {Faith rF+ Will+}.
The centaur shoots an arrow.
The arrow hits you.
You continue taking off the amulet of the Priest {Faith rF+ Will+}. x2
The centaur shoots an arrow.
The arrow hits you!
The centaur shoots an arrow.
The arrow hits you!
* * * LOW HITPOINT WARNING * * *
You finish taking off the amulet of the Priest {Faith rF+ Will+}.
Okay, then.
Okay, then.
Okay, then.
As you read the scroll of teleportation, it crumbles to dust.
You feel strangely unstable.
The centaur shoots an arrow.
The arrow closely misses you.
Okay, then.
You aren't carrying any items that you can evoke.
Okay, then.
Casting: Beastly Appendage (safe; 4% risk of failure)
Confirm with . or Enter, or press ? or * to list all spells.
Okay, then.
The centaur shoots an arrow.
The arrow hits you.
* * * LOW HITPOINT WARNING * * *
The centaur shoots an arrow.
You block the arrow.
The centaur shoots an arrow.
The arrow completely misses you.
You start putting on your amulet.
You continue putting on your amulet of reflection.
Your surroundings suddenly seem different.
Keep equipping yourself?
Keep equipping yourself?
The centaur shoots an arrow.
The arrow hits you!
You die...

[..?#.....##..>..#
##.............#...#
#..................#
#..................#
#..................#
#......c...(.......#
#.....>............#
#..................#
#....@........#..[#
##.....#.....######
#############


You could see a centaur.

Vanquished Creatures
  Menkaure (D:4)
  A jelly (D:4)
  6 adders
  A dart slug (D:3)
  8 orcs
  8 endoplasms
  3 giant cockroaches
  5 goblins
  4 hobgoblins
  5 quokkas
  5 ball pythons
  7 bats
  5 frilled lizards
  7 kobolds
  10 rats
76 creatures vanquished.

Notes
Turn   | Place    | Note
-------+----------+-------------------------------------------
     0 | D:1      | gregunderscorem the Octopode Transmuter began the quest for
                  | the Orb.
     0 | D:1      | Reached XP level 1. HP: 13/13 MP: 3/3
     2 | D:1      | Noticed a ghoul
     2 | D:1      | Noticed a troll
     4 | D:1      | Noticed a draconian
     4 | D:1      | Noticed a merfolk
     6 | D:1      | Noticed a vine stalker
     6 | D:1      | Noticed a spriggan
     8 | D:1      | Noticed a demonspawn
    10 | D:1      | Noticed an ogre
    10 | D:1      | Noticed a palentonga
    12 | D:1      | Noticed a human
    12 | D:1      | Noticed a meteoran
    14 | D:1      | Noticed an octopode
    14 | D:1      | Noticed a demigod
    16 | D:1      | Noticed a minotaur
    16 | D:1      | Noticed a naga
    18 | D:1      | Noticed a tengu
    18 | D:1      | Noticed a felid
    20 | D:1      | Noticed a vampire
    22 | D:1      | Noticed a formicid
    22 | D:1      | Noticed an elf
    24 | D:1      | Noticed a human
    24 | D:1      | Noticed a gargoyle
    26 | D:1      | Noticed a demonspawn
    26 | D:1      | Noticed an octopode
   200 | D:1      | Reached XP level 2. HP: 18/18 MP: 3/5
   223 | D:1      | Learned a level 2 spell: Wereblood
   664 | D:1      | Reached XP level 3. HP: 17/23 MP: 4/6
  1456 | D:2      | Identified the amulet of the Priest {Faith rF+ Will+}
  1617 | D:2      | Found a faded altar of an unknown god.
  1703 | D:2      | Identified the +0 scale mail "Rutt" {rN+ rCorr Slay+3}
  1709 | D:2      | Learned a level 3 spell: Spider Form
  1894 | D:2      | Reached XP level 4. HP: 27/28 MP: 7/7
  2485 | D:3      | Reached skill level 1 in Shields
  2604 | D:3      | Found a burning altar of Makhleb.
  3030 | D:3      | Reached XP level 5. HP: 33/33 MP: 8/8
  3506 | D:4      | Noticed Menkaure
  3518 | D:4      | Killed Menkaure
  3519 | D:4      | Reached XP level 6. HP: 33/38 MP: 9/9
  3582 | D:4      | You fall into a shaft and drop 3 floors!
  3599 | D:7      | Shot with an arrow by a centaur

Illustrated notes

Levels and vault maps discovered:
D:1:      kb_arrival_jail, layout_rooms, hangedman_decor_growths,
          skrybe_limestone_x, minmay_heptomino_o4
D:2:      layout_basic, hellmonk_ecumenical_altar_pennies_from_heaven,
          serial_rivers, chequers_serial_rivers_room_b,
          chequers_serial_rivers_large_a, chequers_serial_rivers_large_b,
          chequers_serial_rivers_micro_b, chequers_serial_rivers_small_b
D:3:      layout_basic, nicolae_overflow_hidden_temple, minmay_tree_intersection
D:4:      layout_rooms, minmay_temple_entry_offerings, uniq_menkaure,
          uniq_edmund
D:7:      layout_rooms, uniq_prince_ribbit1

Skill      XL: |  1  2  3  4  5 |
---------------+----------------+-----
Transmutations | 3 4 |  4.3
Unarmed Combat | 4 |  4.8
Shields        | 1 2 |  2.5
Fighting       | |  1.0
Dodging        | |  2.0
Spellcasting   | |  2.0

Action                   |  1- 3 |  4- 6 || total
-------------------------+-------+-------++-------
Melee: Unarmed           |    64 |       ||    64
       Kick              |     8 |     4 ||    12
       Tentacles         |    14 |     7 ||    21
       Constrict         |    13 |    14 ||    27
       Dagger            |    15 |    63 ||    78
       Punch             |       |     3 ||     3
 Cast: Beastly Appendage |     5 |     3 ||     8
       Wereblood         |       |     1 ||     1
  Use: Scroll            |     4 |     3 ||     7
       Potion            |     2 |     5 ||     7
 Stab: Sleeping          |     5 |     5 ||    10
Armor: Skin              |    11 |     6 ||    17
Dodge: Dodged            |    53 |    41 ||    94
Block: Buckler           |       |     7 ||     7
